AoeStats
← Done

Pilgrims

510194967Analyzed
4v4 RM · 2d ago on Sep 29, 2026· 41m 11s· 8 players
Game mode
Random Map
Map size
Large (8 player)
Population
200
Speed
Normal
Resources
Standard
Victory
Conquest
Starting age
Dark Age
Ending age
Imperial Age
RankedLock teamsTeams togetherTeam positionsShared explorationLock speedFull tech treeHidden civsTurbo modeCheats
Victory
Defeat
🇺🇸 Franks · United States
1001
+10
🇨🇳 Poles · China
811
+18
🇬🇧 Japanese · United Kingdom
805
+18
🇬🇧 Vikings · United Kingdom
742
+21
🇮🇳 Goths · India
897
-18
🇧🇷 Britons · Brazil
868
-17
🇨🇦 Franks · Canada
835
-16
🇪🇸 Cumans · Spain
832
-16
Duperman
6:16 Loom
17:14 Feudal Age
18:01 Double-Bit Axe
17:57 Horse Collar
19:04 Town Watch
21:49 Castle Age
22:26 Wheelbarrow
21:44 Stone Mining
21:45 Gold Mining
23:08 Bow Saw
22:59 Heavy Plow
23:05 Town Patrol
24:06 Squires
24:27 Pikeman
25:12 Scale Mail Armor
28:31 Forging
29:24 Hand Cart
28:54 Man-at-Arms
30:47 Stone Shaft Mining
31:13 Long Swordsman
32:12 Chain Mail Armor
34:52 Iron Casting
43:39 Imperial Age
BlackKnight_01
5:15 Loom
13:50 Feudal Age
16:10 Wheelbarrow
15:26 Double-Bit Axe
15:46 Gold Mining
16:08 Stone Mining
19:24 Fletching
19:40 Scale Barding Armor
19:46 Forging
22:23 Castle Age
24:22 Hand Cart
24:23 Bow Saw
24:53 Gold Shaft Mining
24:15 Bodkin Arrow
24:41 Chain Barding Armor
24:57 Iron Casting
31:05 Imperial Age
32:24 Conscription
32:50 Plate Barding Armor
33:16 Blast Furnace
31:39 Cavalier
33:16 Husbandry
35:39 Light Cavalry
pedroneto1101
9:35 Loom
11:35 Feudal Age
12:16 Double-Bit Axe
12:25 Horse Collar
12:30 Fishing Lines
18:32 Wheelbarrow
22:38 Castle Age
21:55 Gold Mining
21:56 Stone Mining
22:07 Man-at-Arms
23:04 Long Swordsman
23:30 Gambesons
24:07 Crossbowman
27:08 Bow Saw
28:09 Forging
27:49 Fletching
28:59 Town Watch
30:31 Town Patrol
31:20 Hand Cart
SerMan911
7:05 Loom
21:20 Feudal Age
26:25 Castle Age
25:34 Wheelbarrow
26:26 Bloodlines
26:27 Fletching
26:34 Double-Bit Axe
aegilello
4:41 Loom
12:22 Feudal Age
17:13 Castle Age
15:29 Double-Bit Axe
16:53 Wheelbarrow
16:14 Gold Mining
16:15 Stone Mining
28:31 Imperial Age
26:52 Gold Shaft Mining
28:18 Bow Saw
29:28 Hand Cart
29:29 Cavalier
30:10 Husbandry
30:26 Forging
30:22 Scale Barding Armor
32:08 Iron Casting
34:59 Town Watch
35:18 Paladin
39:21 Elite Throwing Axeman
39:23 Ordonnance Companies
40:39 Hoardings
40:26 Conscription
40:10 Scale Mail Armor
41:12 Blast Furnace
40:33 Chain Barding Armor
sam.pidgeon
4:31 Loom
13:22 Feudal Age
14:07 Double-Bit Axe
13:59 Man-at-Arms
15:38 Town Watch
17:16 Scale Mail Armor
17:27 Forging
17:16 Fishing Lines
20:34 Castle Age
20:24 Fletching
20:35 Padded Archer Armor
20:41 Scale Barding Armor
22:05 Medium Warships
22:02 Squires
21:25 Long Swordsman
22:09 Pikeman
22:36 Gambesons
26:04 Wheelbarrow
30:00 Imperial Age
29:56 Ballistics
29:32 Murder Holes
29:17 Elite Skirmisher
29:58 Horse Collar
29:54 Crossbowman
32:22 Conscription
31:45 Demolition Ship
33:16 Chain Mail Armor
34:18 Iron Casting
34:01 Gillnets
35:20 Plate Mail Armor
34:54 Arbalester
37:19 Kataparuto
37:56 Two-Handed Swordsman
40:55 Halberdier
42:04 Hand Cart
Done
5:29 Loom
13:31 Feudal Age
14:35 Town Watch
16:16 Fishing Lines
19:16 Double-Bit Axe
24:53 Castle Age
22:58 Scale Mail Armor
23:08 Forging
22:24 Man-at-Arms
22:51 Arson
25:18 Long Swordsman
26:11 Bow Saw
26:18 Chain Mail Armor
26:39 Iron Casting
26:44 Gillnets
28:55 Squires
28:40 Pikeman
31:05 Pikeman
32:20 Town Patrol
41:18 Imperial Age
妍芸
9:13 Loom
12:35 Feudal Age
17:36 Double-Bit Axe
20:25 Castle Age
18:37 Gold Mining
22:34 Bow Saw
23:04 Wheelbarrow
24:28 Hand Cart
24:27 Fishing Lines
25:24 Scale Barding Armor
25:30 Forging
25:19 Gillnets
26:47 Horse Collar
27:22 Bloodlines
28:35 Iron Casting
29:24 Chain Barding Armor
32:37 Light Cavalry
37:26 Imperial Age
36:22 Husbandry
38:48 Cavalier
40:33 Blast Furnace
Connection lost

Rejoining the realm…

Still unreachable

The connection could not be restored.

Session expired

The server has moved on; the page needs a fresh start.